 Dungeon Crawl Stone Soup version 0.23-a0-61-g4bf3f6c (webtiles) character file.

2283 eccles the Cleaver (level 9, -8/118 HPs)
             Began as a Minotaur Berserker on Aug 9, 2018.
             Was a High Priest of Trog.
             Mangled by a bone dragon (16 damage)
             ... on level 1 of the Abyss.
             The game lasted 00:35:50 (6196 turns).

eccles the Cleaver (Minotaur Berserker)             Turns: 6196, Time: 00:35:51

Health: -8/118     AC: 13    Str: 27    XL:     9   Next: 16%
Magic:  8/8        EV:  8    Int:  4    God:    Trog [*****.]
Gold:   264        SH: 10    Dex: 13    Spells: 8/8 levels left

rFire    + . .     SeeInvis .   a - +0 hand axe
rCold    + + .     Gourm    .   d - +0 shield
rNeg     . . .     Faith    .   w - +0 chain mail
rPois    .         Spirit   .   (helmet restricted)
rElec    .         Reflect  .   o - scarf {rC+ rF+}
rCorr    .         Harm     .   (no gloves)
MR       .....                  p - +2 pair of boots
Stlth    ..........             (no amulet)
HPRegen  0.29/turn              B - ring of protection from cold
MPRegen  0.11/turn              (no ring)

@: berserking, very slightly contaminated, invisible, very quick
A: retaliatory headbutt, horns 2
a: Berserk, Trog's Hand, Brothers in Arms, Renounce Religion


You were on level 1 of the Abyss.
You worshipped Trog.
Trog was extremely pleased with you.
You were not hungry.

You visited 1 branch of the dungeon, and saw 8 of its levels.
You visited the Abyss 1 time.

You collected 402 gold pieces.
You spent 138 gold pieces at shops.

Inventory:

Hand Weapons
 a - a +0 hand axe (weapon)
 y - a +0 spear of flaming
Missiles
 h - 2 steel tomahawks (quivered)
 E - 2 tomahawks
Armour
 b - a +0 animal skin
 d - a +0 shield (worn)
 o - a scarf of resistance (worn)
 p - a +2 pair of boots (worn)
 r - a +0 ring mail
 w - a +0 chain mail (worn)
Jewellery
 e - an uncursed ring of wizardry
 B - a ring of protection from cold (left hand)
 F - a +2 ring of dexterity {unknown}
Wands
 C - a wand of digging (19)
Scrolls
 f - 3 scrolls of remove curse
 g - 3 scrolls of random uselessness
 k - a scroll of magic mapping
 l - 8 scrolls of teleportation
 n - 4 scrolls of fear
 q - a scroll of amnesia
 s - 3 scrolls of immolation
 u - 3 scrolls of fog
 z - a scroll of noise
 A - 3 scrolls of blinking
Potions
 i - 5 potions of curing
 j - a potion of invisibility
 m - a potion of degeneration {unknown}
 t - 3 potions of flight {unknown}
 v - 3 potions of heal wounds {unknown}
 x - 3 potions of brilliance {unknown}
 D - a potion of might {unknown}
Comestibles
 c - 13 rations


   Skills:
 * Level 7.2 Fighting
 * Level 10.2 Axes
 + Level 6.5 Armour
 + Level 4.2 Dodging
 + Level 0.5 Stealth
 + Level 4.8 Shields


You had 8 spell levels left.
You didn't know any spells.
Your spell library was empty.

Dungeon Overview and Level Annotations

Branches:
Dungeon (8/15)             Temple (0/1) D:7
   Lair: D:8-11

Altars:
Okawaru
Ru
Sif Muna
Uskayaw
Xom
Zin

Shops:
D:4 ?   D:7 (


Innate Abilities, Weirdness & Mutations

You reflexively headbutt those who attack you in melee.
You have a pair of horns on your head.


Message History

The smoke demon gestures at you.
The sticky flame hits the shadow.
A red film seems to cover your vision as you go berserk!
You feel yourself moving faster!
You feel mighty!
You feel a lot more hungry. You block the shadow's attack.
You slash the shadow! Your headbutt misses the shadow.
The shadow is heavily damaged.
The shadow hits you.
You hit the shadow but do no damage. You headbutt the shadow!
The shadow is almost destroyed.
You barely miss the shadow. Your headbutt misses the shadow.
The shadow is almost destroyed.
You block the shadow's attack.
You closely miss the shadow. You headbutt the shadow.
You destroy the shadow!
Trog accepts your kill. You block the apocalypse crab's attack.
The apocalypse crab claws you but does no damage.
The bone dragon bites you!
You die...

# ###.#### #
##..##.. # #
##....#.# . #
###3#.##.3.#
### #
#t....#....###
.. ##@#D#.
###..# .
#.#D.#.# #.
.#. . .#
###..####
.##..#. # #
.#####.. ## ##
. # # ##....##
. . ..# . .
#.## . #.. ..
. . # 3.. ...
..#..### # #..
# .#. ##. ..
.#. # # #.. .
.# ....# #


You could see a bone dragon, an apocalypse crab and a smoke demon.

Vanquished Creatures
  A shadow (Abyss:1)
  Sigmund (D:5)
  Edmund (D:5)
  A water moccasin (D:6)
  A black bear (D:6)
  A phantom (D:8)
  2 ogres
  An ice beast (D:5)
  4 centaurs
  2 big kobolds (D:8)
  A bullfrog (D:7)
  A scorpion (D:4)
  4 crimson imps
  2 hounds
  A centaur skeleton (D:6)
  3 orc wizards
  3 iguanas
  2 worker ants (D:7)
  A hound skeleton (D:4)
  7 adders
  9 gnolls
  3 shadow imps
  2 oozes
  An adder skeleton (D:6)
  A dart slug (D:1)
  3 worms
  3 leopard geckos
  13 orcs
  A ball python (D:2)
  3 giant cockroaches
  5 goblins
  11 hobgoblins
  19 jackals
  25 kobolds
  4 quokkas
  8 bats
  8 frilled lizards
  3 jackal skeletons
  A leopard gecko skeleton (D:6)
  A quokka skeleton (D:7)
  12 rats
176 creatures vanquished.

Vanquished Creatures (others)
  An orc (D:8)
1 creature vanquished.

Grand Total: 177 creatures vanquished

Notes
Turn   | Place    | Note
-------+----------+-------------------------------------------
     0 | D:1      | eccles the Minotaur Berserker began the quest for the Orb.
     0 | D:1      | Reached XP level 1. HP: 19/19 MP: 0/0
   146 | D:1      | Reached skill level 4 in Axes
   150 | D:1      | Reached XP level 2. HP: 19/27 MP: 1/1
   499 | D:1      | Reached ** piety under Trog
   499 | D:1      | Reached XP level 3. HP: 20/33 MP: 2/2
  1611 | D:2      | Reached skill level 5 in Axes
  1643 | D:2      | Reached XP level 4. HP: 41/41 MP: 3/3
  1848 | D:2      | Found a deep blue altar of Sif Muna.
  2397 | D:3      | Reached *** piety under Trog
  2641 | D:3      | Found a hide-covered altar of Uskayaw.
  2868 | D:3      | Reached XP level 5. HP: 43/47 MP: 4/4
  3076 | D:4      | Noticed an ogre
  3080 | D:4      | Killed an ogre
  3080 | D:4      | Reached skill level 6 in Axes
  3102 | D:4      | Reached skill level 1 in Shields
  3112 | D:4      | Reached XP level 6. HP: 37/55 MP: 5/5
  3305 | D:4      | Found Jeost's Magic Scroll Shop.
  3446 | D:4      | Reached skill level 5 in Fighting
  3524 | D:4      | Bought a scroll of identify for 24 gold pieces
  3524 | D:4      | Bought a scroll of identify for 24 gold pieces
  3524 | D:4      | Bought a scroll of blinking for 90 gold pieces
  3571 | D:5      | Entered Level 5 of the Dungeon
  3654 | D:5      | Found a glowing silver altar of Zin.
  3666 | D:5      | Found a shimmering altar of Xom.
  3666 | D:5      | Found a sacrificial altar of Ru.
  3770 | D:5      | Reached **** piety under Trog
  3771 | D:5      | Reached skill level 7 in Axes
  3773 | D:5      | Noticed Edmund
  3778 | D:5      | Noticed Sigmund
  3787 | D:5      | Killed Edmund
  3787 | D:5      | Reached XP level 7. HP: 57/61 MP: 6/6
  3795 | D:5      | Killed Sigmund
  3813 | D:5      | Found an iron altar of Okawaru.
  4136 | D:5      | Reached skill level 8 in Axes
  4200 | D:6      | Reached skill level 5 in Armour
  4236 | D:6      | Reached XP level 8. HP: 55/70 MP: 7/7
  4770 | D:7      | Found Virin's Antique Weapon Boutique.
  5100 | D:7      | Reached skill level 9 in Axes
  5135 | D:7      | Found a staircase to the Ecumenical Temple.
  5550 | D:8      | Reached ***** piety under Trog
  5550 | D:8      | Reached XP level 9. HP: 24/79 MP: 8/8
  5904 | D:8      | Reached skill level 10 in Axes
  6060 | D:8      | Cast into level 1 of the Abyss (orc warrior)
  6131 | Abyss:1  | Noticed a starcursed mass
  6145 | Abyss:1  | Noticed a smoke demon
  6149 | Abyss:1  | Noticed a bone dragon
  6180 | Abyss:1  | Noticed an apocalypse crab
  6196 | Abyss:1  | Mangled by a bone dragon

Vault maps used:
D:1:      dpeg_arrival_signposts
D:2:      led_sif_pool, cheibrodos_gnoll_hut
D:3:      lemuel_doored_altar, minmay_strange_pillars,
          minmay_goblin_kobold_house
D:4:      serial_shops, nicolae_shop_temple_entry_statues_fountains,
          kennysheep_generic_room_8
D:5:      zin_statuary, gammafunk_temple_overflow_pools, okawaru_trees_2,
          first_ration, amethyst_killhole, hangedman_abyss_or_decor_stabs,
          sigmund_edmund_badplayer
D:7:      minmay_temple_entry_statues_pillars, serial_shops, shop
D:8:      cheibrodos_ashenzari_chains

Skill      XL: |  1  2  3  4  5  6  7  8  9 |
---------------+----------------------------+-----
Axes           | 4 5 6 7 8 9 10 | 10.2
Fighting       | 4 5 6 7 |  7.2
Dodging        | 3 4 |  4.2
Armour         | 3 4 5 6 |  6.5
Shields        | 1 3 4 |  4.8
Stealth        | |  0.5

Action                   |  1- 3 |  4- 6 |  7- 9 || total
-------------------------+-------+-------+-------++-------
Melee: Hand axe          |    79 |   165 |   219 ||   463
       Headbutt          |    13 |    35 |    46 ||    94
Throw: Tomahawk          |       |       |     2 ||     2
Invok: Berserk           |     1 |     1 |     2 ||     4
  Use: Scroll            |       |    12 |     2 ||    14
       Potion            |       |       |     1 ||     1
 Stab: Sleeping          |       |     1 |       ||     1
  Eat: Chunk             |     3 |     4 |     4 ||    11
       Ration            |       |     1 |     2 ||     3
Armor: Animal skin       |    13 |    12 |       ||    25
       Ring mail         |       |    25 |       ||    25
       Chain mail        |       |    23 |    90 ||   113
Dodge: Dodged            |    59 |    76 |    53 ||   188
Block: Shield            |       |    72 |   127 ||   199

Table legend:
 A = Non-vault XP
 B = Vault XP
 C = Vault XP percentage of total XP
 D = Non-vault monster count
 E = Vault monster count
 F = Vault count percentage of total count
 G = Total turns spent on level
                 A         B        C        D         E       F
            +---------+---------+-------+---------+---------+-------
      Total |    2868 |     394 |  12.1 |     169 |       8 |   4.5
            +---------+---------+-------+---------+---------+-------
        D:1 |      61 |       0 |   0.0 |      34 |       0 |   0.0
        D:2 |      45 |      17 |  27.4 |      26 |       3 |  10.3
        D:3 |      75 |       4 |   5.1 |      26 |       2 |   7.1
        D:4 |     287 |       3 |   1.0 |      13 |       1 |   7.1
        D:5 |     371 |     370 |  49.9 |      17 |       2 |  10.5
        D:6 |     703 |       0 |   0.0 |      12 |       0 |   0.0
        D:7 |     529 |       0 |   0.0 |      18 |       0 |   0.0
        D:8 |     587 |       0 |   0.0 |      22 |       0 |   0.0
    Abyss:1 |     210 |       0 |   0.0 |       1 |       0 |   0.0
            +---------+---------+-------+---------+---------+-------
